 Dungeon Crawl Stone Soup version 0.26.1-11-gd32895ea62 (webtiles) character file.

Game seed: 7933576938700088214

2375 Sopht the Cutter (level 9, -7/76 HPs)
             Began as a Minotaur Gladiator on July 19, 2021.
             Was a Believer of Dithmenos.
             Killed by divine providence
             ... invoked by an orc priest
              (11 damage)
             ... on level 7 of the Dungeon.
             The game lasted 00:51:19 (7716 turns).

Sopht the Cutter (Minotaur Gladiator)               Turns: 7716, Time: 00:51:19

Health: -7/76      AC: 15    Str: 22    XL:     9   Next: 21%
Magic:  4/8        EV:  8    Int: 11    God:    Dithmenos [**....]
Gold:   340        SH: 14    Dex: 12    Spells: 8/8 levels left

rFire    . . .     SeeInvis .   j - +1 short sword (flame)
rCold    . . .     Faith    .   o - +3 kite shield
rNeg     . . .     Spirit   .   z - +1 chain mail {rPois}
rPois    +         Reflect  .   c - +0 hat
rElec    .         Harm     .   (no cloak)
rCorr    .         Rampage  .   u - +0 pair of gloves
Will     +....                  (no boots)
Stlth    ..........             (no amulet)
HPRegen  0.22/turn              a - +6 ring of intelligence
MPRegen  0.11/turn              (no ring)

@: berserk cooldown, hasted and slowed, wreathed by umbra, very slow
A: retaliatory headbutt, horns 2, rugged brown scales 1, slimy green scales 1,
strong-willed 1
a: Renounce Religion, Shadow Step


You were on level 7 of the Dungeon.
You worshipped Dithmenos.
Dithmenos was pleased with you.
You visited 2 branches of the dungeon, and saw 8 of its levels.
You also visited: Bailey.

You collected 340 gold pieces.

Inventory:

Hand Weapons
 j - a +1 short sword of flaming (weapon)
 x - a +3 flail
 y - a +1 spear of freezing
 B - a +2 halberd of electrocution
Missiles
 d - 3 throwing nets
 p - 90 boomerangs
 r - 8 poisoned darts
Armour
 b - +0 acid dragon scales
 c - a +0 hat (worn)
 o - a +3 kite shield (worn)
 u - a +0 pair of gloves (worn)
 w - a +1 leather armour of fire resistance
 z - a +1 chain mail of poison resistance (worn)
Magical Staves
 C - an uncursed staff of conjuration {unknown}
Jewellery
 a - a +6 ring of intelligence (left hand)
Wands
 n - a wand of random effects (11)
 t - a wand of disintegration (17) (quivered)
 A - a wand of enslavement (16)
 F - a wand of flame (14)
Scrolls
 e - a scroll of teleportation
 v - 2 scrolls of fear
 E - a scroll of acquirement {unknown}
Potions
 f - 2 potions of mutation
 g - 2 potions of heal wounds
 s - 6 potions of magic
 D - 3 potions of curing


   Skills:
 + Level 5.2 Fighting
 + Level 7.2(7.7) Short Blades
 + Level 4.6(6.9) Long Blades
 + Level 2.2 Throwing
 + Level 6.5 Armour
 + Level 4.9 Dodging
 + Level 1.3 Stealth
 + Level 6.7 Shields
 + Level 1.8 Evocations


You had 8 spell levels left.
You didn't know any spells.
Your spell library was empty.

Dungeon Overview and Level Annotations

Branches:
Dungeon (7/15)             Temple (1/1) D:4          Bailey (visited)

Altars:
Cheibriados
Dithmenos
Elyvilon
Fedhas
Gozag
Hepliaklqana
Kikubaaqudgha
Makhleb
Nemelex Xobeh
Okawaru
Qazlal
Ru
Sif Muna
Trog
Uskayaw
Vehumet
Wu Jian
Xom
Yredelemnul
Zin
The Shining One

Annotations:
D:7 1 transporter


Innate Abilities, Weirdness & Mutations

You reflexively headbutt those who attack you in melee.
You have a pair of horns on your head.
You are partially covered in rugged brown scales. (AC +1, +3% HP)
You are partially covered in slimy green scales. (AC +2)
You are strong-willed. (Will+)


Message History

Okay, then.
As you read the scroll labelled EHEBOO HACE, it crumbles to dust.
The creatures around you are filled with an inner flame!
It was a scroll of immolation.
The crimson imp disappears in a puff of smoke!
The kobold demonologist miscasts a cantrip.
You block the red devil's attack.
Aiming: Shadow Step
Press: ? - help, Dir - move target, f - ufetubus
Aim: an ufetubus (summoned, inner flame, umbra)
You step into the ufetubus's shadow.
You enter the shallow water.
Moving in this stuff is going to be slow.
The orc priest calls down the wrath of Beogh upon you.
Beogh smites you!
* * * LOW HITPOINT WARNING * * *
You block the ufetubus's attack. x2
You feel a little less mighty now.
The orc priest mumbles some strange prayers to Beogh against you.
Beogh smites you!
You die...

#..........# #.#.##########
#.###.#.#..###.#(#.........
#.#.................#######
#.#.###############.#######
#.#.#8≈#)).....#P8#........
#.#.#≈.#≈≈≈4≈≈≈#.P#.######.
#...#(.#..≈≈5..#?$#....# #.
#..©#©.'..≈554.+.©#©...# #.
##..#..#..@≈≈..#?$#..#.# #.
##.#P.#≈≈≈≈≈≈≈#.P#.##.# #.
#.#8≈#...o5Ko#≈8#.##.# #.
#.###############.##.# #.
#.................##.# #.
###.####....##.#####.# #.
#.####....##.## #.# #.
#.##.##...#...## #<# #.
#.#........###.###.###.


You could see a kobold demonologist (inner flame), a chaos spawn (summoned,
inner flame), a red devil (summoned, inner flame), an iron imp (summoned, inner
flame), 2 orc priests, 2 shadow imps and an ufetubus (summoned, inner flame).

Vanquished Creatures
  A kobold demonologist (D:7)
  An acid dragon (D:7)
  A black bear (D:6)
  2 orc warriors
  2 ogres
  A bullfrog (D:7)
  4 killer bees (D:7)
  2 scorpions
  3 wights (D:5)
  A howler monkey (D:6)
  A bullfrog zombie (D:5)
  3 orc priests
  4 hounds
  5 orc wizards
  A gnoll shaman (D:4)
  An iguana (D:5)
  2 worker ants
  2 hound skeletons (D:4)
  A worker ant zombie (D:5)
  20 gnolls
  13 adders
  A shadow imp (D:7)
  A white imp (D:7)
  An ufetubus (D:5)
  An adder skeleton (D:4)
  2 worms
  A dart slug (D:4)
  5 leopard geckos
  28 orcs
  8 giant cockroaches
  9 goblins
  18 hobgoblins
  14 jackals
  15 kobolds
  A quokka (D:2)
  2 ball pythons
  5 bats
  7 frilled lizards
  A jackal skeleton (D:5)
  A jackal zombie (D:7)
  A leopard gecko zombie (D:6)
  A quokka skeleton (D:6)
  11 rats
205 creatures vanquished.

Vanquished Creatures (collateral kills)
  An orc priest (D:7)
  2 shadow imps (D:7)
3 creatures vanquished.

Vanquished Creatures (others)
  A bush (D:3)
  15 plants
16 creatures vanquished.

Grand Total: 224 creatures vanquished

Notes
Turn   | Place    | Note
-------+----------+-------------------------------------------
     0 | D:1      | Sopht the Minotaur Gladiator began the quest for the Orb.
     0 | D:1      | Reached XP level 1. HP: 18/18 MP: 0/0
   202 | D:1      | Reached XP level 2. HP: 1/25 MP: 1/1
   203 | D:1      | HP: 1/25 [hobgoblin/+0 club (1)]
  1178 | D:2      | Reached XP level 3. HP: 21/30 MP: 2/2
  1359 | D:2      | Reached skill level 1 in Armour
  1644 | D:3      | Reached XP level 4. HP: 34/38 MP: 3/3
  1823 | D:3      | Reached skill level 1 in Short Blades
  2314 | D:3      | Reached XP level 5. HP: 38/45 MP: 4/4
  2316 | D:3      | Reached skill level 1 in Shields
  2467 | D:3      | Found a hide-covered altar of Uskayaw.
  2467 | D:3      | Found a snail-covered altar of Cheibriados.
  2476 | D:3      | Found a burning altar of Makhleb.
  2479 | D:3      | Found an opulent altar of Gozag.
  2481 | D:3      | Found a radiant altar of Vehumet.
  2862 | D:4      | Found a staircase to the Ecumenical Temple.
  3023 | D:4      | Reached skill level 2 in Short Blades
  3402 | D:4      | Reached XP level 6. HP: 24/51 MP: 5/5
  3876 | D:4      | Reached skill level 1 in Stealth
  4040 | Temple   | Entered the Ecumenical Temple
  4232 | Temple   | Became a worshipper of Dithmenos the Shadowed
  4284 | D:5      | Entered Level 5 of the Dungeon
  4387 | D:5      | Reached skill level 3 in Short Blades
  4503 | D:5      | Reached XP level 7. HP: 31/58 MP: 6/6
  4898 | D:5      | Reached skill level 4 in Short Blades
  5109 | D:6      | Reached * piety under Dithmenos
  5123 | D:6      | Reached skill level 5 in Short Blades
  5177 | D:6      | Found a hazy altar of Hepliaklqana.
  5271 | D:6      | Reached XP level 8. HP: 7/67 MP: 7/7
  5276 | D:6      | Reached skill level 5 in Armour
  6088 | D:7      | Reached skill level 1 in Evocations
  6111 | D:7      | Found a transporter.
  6112 | D:7      | Noticed a kobold demonologist
  6186 | D:7      | Reached ** piety under Dithmenos
  6335 | D:7      | Reached skill level 6 in Short Blades
  6347 | D:7      | Noticed a kobold demonologist
  6419 | D:7      | Found a transporter.
  6576 | D:7      | Found a flagged portal.
  6588 | D:7      | Reached skill level 5 in Shields
  6589 | D:7      | Reached skill level 5 in Fighting
  6632 | Bailey   | Entered a bailey
  7068 | Bailey   | Reached XP level 9. HP: 59/74 MP: 8/8
  7660 | D:7      | Noticed a soul eater
  7689 | D:7      | Gained mutation: You are partially covered in slimy green
                  | scales. (AC +2) [potion of mutation]
  7689 | D:7      | Gained mutation: You are strong-willed. (Will+) [potion of
                  | mutation]
  7689 | D:7      | Gained mutation: You are partially covered in rugged brown
                  | scales. (AC +1, +3% HP) [potion of mutation]
  7696 | D:7      | Noticed a red devil
  7704 | D:7      | Noticed a red devil
  7704 | D:7      | Killed a kobold demonologist
  7705 | D:7      | Reached skill level 7 in Short Blades
  7716 | D:7      | Killed from afar by an orc priest

Illustrated notes

Levels and vault maps discovered:
D:1:      lightli_molten_gateway, layout_basic, serial_corexii_hall,
          corexii_hall_statues_x, chequers_hall_statues_corner_a
D:2:      layout_basic
D:3:      layout_rooms, chequers_temple_overflow_minitemple, serial_forest,
          infiniplex_forest_lined_ring, infiniplex_forest_corner_2,
          infiniplex_forest_lined_corner, infiniplex_forest_lined_2,
          infiniplex_forest_clump_long, infiniplex_forest_clump_curved,
          infiniplex_forest_clump_large, infiniplex_forest_end_3, uniq_grinder,
          uniq_crazy_yiuf_cottage
D:4:      layout_basic, minmay_temple_entry_trees
D:5:      layout_basic, minmay_misc_feat_five
D:6:      layout_loops_ring, kennysheep_little_box
D:7:      gammafunk_wand_slinger, layout_loops_ring, enter_bailey_5
Temple:   regret_index_temple_waves

Skill      XL: |  1  2  3  4  5  6  7  8  9 |
---------------+----------------------------+-----
Long Blades    | 4 |  4.6
Fighting       | 3 4 5 |  5.2
Armour         | 1 2 3 4 6 |  6.5
Short Blades   | 1 2 3 5 6 7 |  7.2
Dodging        | 4 |  4.9
Shields        | 2 3 6 |  6.7
Stealth        | 1 |  1.3
Evocations     | 1 |  1.8
Throwing       | |  2.2

Action                   |  1- 3 |  4- 6 |  7- 9 || total
-------------------------+-------+-------+-------++-------
Melee: Long sword        |    35 |       |       ||    35
       Short sword       |    49 |   283 |   357 ||   689
       Headbutt          |     6 |    66 |    61 ||   133
Invok: Shadow Step       |       |       |     1 ||     1
Evoke: Wand              |       |     2 |    16 ||    18
  Use: Potion            |       |       |    12 ||    12
       Scroll            |       |       |    21 ||    21
Armor: Scale mail        |    35 |    64 |       ||    99
       Leather armour    |     1 |       |       ||     1
       Chain mail        |       |     3 |    98 ||   101
       Skin              |       |     1 |       ||     1
Dodge: Dodged            |    48 |    64 |   114 ||   226
Block: Kite shield       |     5 |    71 |   229 ||   305
       Rpst.: Long sword |     5 |       |       ||     5
